 Dungeon Crawl Stone Soup version 0.23-a0-577-g2b1de94 (webtiles) character file.

22 Amnesiac the Ducker (level 2, 0/16 HPs)
             Began as a Spriggan Berserker on Dec 15, 2018.
             Was a Follower of Trog.
             Slain by a frilled lizard (1 damage)
             ... on level 1 of the Dungeon.
             The game lasted 00:00:40 (367 turns).

Amnesiac the Ducker (Spriggan Berserker)             Turns: 367, Time: 00:00:41

Health: 0/16       AC:  2    Str: 13    XL:     2   Next: 68%
Magic:  3/3        EV: 20    Int:  8    God:    Trog [*.....]
Gold:   19         SH:  0    Dex: 15    Spells: 1/1 levels left

rFire    . . .     SeeInvis +   a - +0 falchion
rCold    . . .     Gourm    .   (shield restricted)
rNeg     . . .     Faith    .   b - +0 animal skin
rPois    .         Spirit   .   (helmet restricted)
rElec    .         Reflect  .   (no cloak)
rCorr    .         Harm     .   (gloves unavailable)
MR       .....                  (boots unavailable)
Stlth    +.........             (no amulet)
HPRegen  0.05/turn              (no ring)
MPRegen  0.08/turn              (no ring)

@: very quick
A: very small, unfitting armour, see invisible, herbivore, speed 3, slow
metabolism 2
a: Berserk, Renounce Religion


You were on level 1 of the Dungeon.
You worshipped Trog.
Trog was aware of your devotion.
You were not hungry.

You visited 1 branch of the dungeon, and saw 1 of its levels.

You collected 19 gold pieces.

Inventory:

Hand Weapons
 a - a +0 falchion (weapon)
Armour
 b - a +0 animal skin (worn)
Potions
 d - 2 potions of haste {!q, unknown}
 e - a potion of curing {!q, unknown}
Comestibles
 c - 2 rations


   Skills:
 + Level 2.7 Fighting
 + Level 2.7 Long Blades
 + Level 4.9 Dodging


You had one spell level left.
You didn't know any spells.
Your spell library was empty.

Dungeon Overview and Level Annotations

Branches:
Dungeon (1/15)

Altars:


Innate Abilities, Weirdness & Mutations

You are very small and have problems with some larger weapons.
You are too small for most types of armour.
You have supernaturally acute eyesight. (SInv)
You are a herbivore.
You cover ground extremely quickly.
You need to consume almost no food.


Message History

You closely miss the jackal.
The jackal is moderately wounded.
The jackal closely misses you.
You completely miss the jackal.
The jackal is moderately wounded.
The jackal bites you. x2
* * * LOW HITPOINT WARNING * * *
The jackal bites you.
* * * LOW HITPOINT WARNING * * *
You hit the jackal but do no damage.
The jackal is lightly wounded.
The jackal closely misses you.
You riposte.
You hit the jackal but do no damage. The jackal completely misses you. x2
You hit the jackal.
The jackal is moderately wounded.
The jackal closely misses you.
You riposte.
You hit the jackal but do no damage.
The jackal is moderately wounded.
The jackal misses you.
You riposte.
You slash the jackal!
You kill the jackal!
Trog accepts your kill. The jackal completely misses you.
You completely miss the jackal.
The jackal is moderately wounded.
The jackal barely misses you.
The frilled lizard completely misses you.
The jackal misses you.
You riposte.
You closely miss the jackal.
The jackal is moderately wounded.
You barely miss the jackal.
The jackal is moderately wounded.
The frilled lizard misses you. The jackal barely misses you.
The frilled lizard misses you.
You riposte.
You miss the frilled lizard. You hit the jackal.
The jackal is severely wounded.
The jackal misses you. The jackal bites you.
* * * LOW HITPOINT WARNING * * *
You closely miss the jackal.
The jackal is heavily wounded.
The jackal closely misses you. The frilled lizard misses you.
The jackal completely misses you.
You see here a hobgoblin corpse.
The jackal pauses to sniff the ground.
You closely miss the jackal.
The jackal is heavily wounded.
The jackal completely misses you. x2
You hit the jackal.
You kill the jackal!
Trog accepts your kill.
You barely miss the leopard gecko.
The leopard gecko hisses menacingly.
The leopard gecko bites you.
* * * LOW HITPOINT WARNING * * *
The leopard gecko misses you.
You riposte.
You miss the leopard gecko. You closely miss the leopard gecko.
The leopard gecko closely misses you.
You are too injured to fight recklessly!
You hit the leopard gecko.
You kill the leopard gecko!
Trog accepts your kill.
You are too injured to fight recklessly!
You barely miss the frilled lizard. The frilled lizard misses you.
You barely miss the frilled lizard. The frilled lizard misses you.
The frilled lizard bites you but does no damage.
You miss the frilled lizard. The frilled lizard bites you.
You die...

# #.# .### #. ###.# ...
..###..
.##.###.#####.....
..................
..#............... #
.......######..# ..#
......).##...>.# (#
.####.).##(##..###..##
#'.#+#........ll@....#.
#.<>.#.........##..#....
#'.#+#..........#...# .
.####..≈≈≈≈...#.l.#...
......≈§≈≈≈≈..#l..#...#
..$...≈≈≈≈≈≈..†l........
......≈≈§≈§≈..##.##.##.#
..##...§§§§?..# ....# .#
..........§...# ..###


You could see 2 frilled lizards.

Vanquished Creatures
  2 leopard geckos (D:1)
  2 giant cockroaches (D:1)
  A goblin (D:1)
  3 hobgoblins (D:1)
  4 jackals (D:1)
  2 frilled lizards (D:1)
  2 kobolds (D:1)
  2 rats (D:1)
18 creatures vanquished.

Notes
Turn   | Place    | Note
-------+----------+-------------------------------------------
     0 | D:1      | Amnesiac the Spriggan Berserker began the quest for the
                  | Orb.
     0 | D:1      | Reached XP level 1. HP: 11/11 MP: 2/2
   150 | D:1      | Reached XP level 2. HP: 6/16 MP: 3/3
   367 | D:1      | Slain by a frilled lizard

Vault maps used:
D:1:      dpeg_arrival_pits, serial_forest, infiniplex_forest_lined_ring,
          infiniplex_forest_corner_2, infiniplex_forest_end_1,
          infiniplex_forest_lined_2, infiniplex_forest_lined_room_3,
          infiniplex_forest_end_3, infiniplex_forest_lined_room_2,
          infiniplex_forest_clump_diagonal, ebering_dispersal_statue_hall

Action                   || total
-------------------------++-------
Melee: Falchion          ||    55
Armor: Animal skin       ||     5
Dodge: Dodged            ||    68
       Rpst.: Falchion   ||    20

Table legend:
 A = Non-vault XP
 B = Vault XP
 C = Vault XP percentage of total XP
 D = Non-vault monster count
 E = Vault monster count
 F = Vault count percentage of total count
                 A         B        C        D         E       F
            +---------+---------+-------+---------+---------+-------
      Total |      32 |       0 |   0.0 |      18 |       0 |   0.0
            +---------+---------+-------+---------+---------+-------
        D:1 |      32 |       0 |   0.0 |      18 |       0 |   0.0
            +---------+---------+-------+---------+---------+-------
